 Dungeon Crawl Stone Soup version 0.30.0-29-ga12c61a403 (webtiles) character file.

Game seed: 12472988568690215023

29 Fodor the Shield-Bearer (level 3, -1/33 HPs)
             Began as a Minotaur Fighter on June 6, 2023.
             Slain by a gnoll
             ... wielding a +0 flail of protection
              (3 damage)
             ... on level 2 of the Dungeon.
             The game lasted 00:04:09 (855 turns).

Fodor the Shield-Bearer (Minotaur Fighter)           Turns: 855, Time: 00:04:09

Health: -1/33      AC:  7    Str: 20    XL:     3   Next: 1%
Magic:  2/2        EV:  9    Int:  5    God:
Gold:   62         SH:  4    Dex: 11    Spells: 2/2 levels left

rFire   x . .        a - +0 long sword
rCold   + . .        c - +0 buckler
rNeg    . . .        b - +0 scale mail
rPois   .            (helmet restricted)
rElec   .            (no cloak)
rCorr   .            (no gloves)
SInv    +            (no boots)
Will    .....        (no amulet) Stlth
                     g - ring of ice
HPRegen 0.25/turn    i - ring of see invisible
MPRegen 0.08/turn

%: no passive effects
@: no status effects
A: horns 2, retaliatory headbutt
a: no special abilities


You were on level 2 of the Dungeon.
You visited 1 branch of the dungeon, and saw 2 of its levels.

You collected 62 gold pieces.

Inventory:

Hand Weapons
 a - a +0 long sword (weapon)
Missiles
 k - 9 stones (quivered)
 m - 5 poisoned darts
Armour
 b - a +0 scale mail (worn)
 c - a +0 buckler (worn)
Jewellery
 g - a ring of ice (left hand)
 i - a ring of see invisible (right hand)
Scrolls
 e - a scroll of teleportation {unknown}
 f - a scroll of identify {unknown}
 h - a scroll of magic mapping {unknown}
 j - 2 scrolls of fog {unknown}
 n - a scroll of vulnerability {unknown}
Potions
 d - 2 potions of might
 l - 2 potions of flight {unknown}
 o - a potion of attraction {unknown}


   Skills:
 + Level 4.0 Fighting
 + Level 3.1 Long Blades
 + Level 3.9 Armour
 + Level 4.0 Shields


You had 2 spell levels left.
You didn't know any spells.
Your spell library contained the following spells:

 Spells                   Type           Power      Damage    Failure   Level
 Inner Flame              Hex/Fire       0%         N/A       99%         3
 Flame Wave               Conj/Fire      0%         2d4       100%        4
 Sticky Flame             Conj/Fire      0%         2d3       100%        4


Dungeon Overview and Level Annotations

Branches:
Dungeon (2/15)

Altars:


Innate Abilities, Weirdness & Mutations

You have a pair of horns on your head.
You reflexively headbutt those who attack you in melee.


Message History

As you open the door, it creaks loudly!
There is an open door here.
You now have 62 gold pieces (gained 14).
There is a stone staircase leading down here.
There is a stone staircase leading down here.
You climb downwards.
There is a stone staircase leading up here.
A frilled lizard comes into view.
The frilled lizard hisses angrily.
The frilled lizard closely misses you. You furiously retaliate!
You headbutt the frilled lizard.
You kill the frilled lizard!
You see here a frilled lizard corpse.
Found a glowing leather armour. 2 gnolls come into view.
A gnoll is wielding a +0 flail of protection.
Found a leather armour.
The gnoll shouts! x2
You see here a +0 leather armour of fire resistance.
You hit the gnoll but do no damage. You block the gnoll's attack.
The gnoll barely misses you.
You barely miss the gnoll.
The gnoll hits you with a +0 flail of protection!
The gnoll hits you with a +0 halberd.
You hit the gnoll but do no damage. Your headbutt misses the gnoll.
The gnoll hits you but does no damage. The gnoll closely misses you.
You furiously retaliate!
You headbutt the gnoll, but do no damage.
A gnoll opens the door.
A worm comes into view.
You hit the gnoll but do no damage. The gnoll barely misses you.
You furiously retaliate!
You headbutt the gnoll! The gnoll closely misses you.
The gnoll hits you but does no damage.
The gnoll hits you with a +0 flail of protection!
You hit the gnoll.
The gnoll is moderately wounded.
The gnoll hits you with a +0 halberd!
* * * LOW HITPOINT WARNING * * *
The gnoll hits you with a +0 flail of protection.
You die...

.## .#.. ..#
###...####
##..#
.......... ....
..#....######..
w'....# ...#.#
#g..[# ##.#.###
#..g.#+#...†..#
#..@........#.#
#.#[g.......#.#
# #........##.#
#.#########<#
#.# ### #.. ...
##. .#


You could see a worm and 3 gnolls.

Vanquished Creatures
  A dart slug (D:1)
  4 ball pythons (D:1)
  A bat (D:1)
  4 endoplasms (D:1)
  2 giant cockroaches (D:1)
  2 goblins (D:1)
  2 hobgoblins (D:1)
  A quokka (D:1)
  A frilled lizard (D:2)
  2 kobolds (D:1)
  2 rats (D:1)
22 creatures vanquished.

Notes
Turn   | Place    | Note
-------+----------+-------------------------------------------
     0 | D:1      | Fodor the Minotaur Fighter began the quest for the Orb.
     0 | D:1      | Reached XP level 1. HP: 19/19 MP: 0/0
   287 | D:1      | Reached XP level 2. HP: 27/27 MP: 1/1
   354 | D:1      | Found a faded altar of an unknown god.
   651 | D:1      | Reached XP level 3. HP: 33/33 MP: 2/2
   855 | D:2      | Slain by a gnoll

Illustrated notes

Levels and vault maps discovered:
D:1:      saegor_arrival_simple_c, layout_basic, ebering_ecumenical_altar_rust
D:2:      layout_basic, serial_curves, eino_curves_01, eino_curves_01,
          eino_curves_03

Skill      XL: |  1  2 |
---------------+-------+-----
Shields        | 4 |  4.0
Fighting       | 4 |  4.0
Long Blades    | 3 |  3.1
Armour         | |  3.9

Action                     || total
---------------------------++-------
  Melee: Long sword        ||    37
         Headbutt          ||     9
 Armour: Scale mail        ||    20
  Dodge: Dodged            ||    24
  Block: Buckler           ||     7
